 Dungeon Crawl Stone Soup version 0.32-a0-705-g60f233581c (webtiles) character file.

Game seed: 3519523897453443329

51609 Ruich the Marksdemigod (level 13, 0/119 HPs)
             Began as a Demigod Hunter on Mar 15, 2024.
             Slain by a death knight
             ... wielding a +2 battleaxe of freezing
              (11 damage)
             ... on level 10 of the Dungeon.
             The game lasted 00:37:12 (22078 turns).

Ruich the Marksdemigod (Demigod Hunter)            Turns: 22078, Time: 00:37:13

Health: 0/119      AC: 13    Str: 12    XL:     13   Next: 90%
Magic:  16/16      EV: 22    Int: 11    God:
Gold:   786        SH:  5    Dex: 33    Spells: 12/12 levels left

rFire   . . .        a - +2 shortbow (drain)
rCold   . . .        (shield currently unavailable)
rNeg    . . .        c - +0 acid dragon scales
rPois   .            B - +1 helmet
rElec   .            o - +1 cloak {Stlth+}
rCorr   +            r - +2 pair of gloves
SInv    .            (no boots)
Will    +....        b - amulet of reflection
Stlth   +++++        A - +4 ring of slaying
HPRegen 0.39/turn    (no ring)
MPRegen 0.15/turn

%: reflection
@: no status effects
A: high MP 1, forlorn, divine attributes
a: no special abilities


You were on level 10 of the Dungeon.
You visited 2 branches of the dungeon, and saw 15 of its levels.
You also visited: Gauntlet.

You collected 822 gold pieces.
You spent 36 gold pieces at shops.


Innate Abilities, Weirdness & Mutations

You have an increased reservoir of magic. (+10% MP)
You shall have no god before yourself.
Your divine heritage dramatically boosts your attributes as you level up.


   Skills:
 + Level 12.9 Fighting
 + Level 16.2 Ranged Weapons
 + Level 10.4 Dodging
 - Level 5.0 Stealth


You had 12 spell levels left.
You didn't know any spells.
Your spell library contained the following spells:

 Spells                   Type           Power      Damage    Failure   Level
 Apportation              Tloc           0%         N/A       47%         1
 Foxfire                  Conj/Fire      0%         2x1d4     47%         1
 Necrotise                Necr           0%         1d4       47%         1
 Sandblast                Erth           0%         2d4       47%         1
 Sting                    Conj/Alch      0%         1d3       47%         1
 Summon Small Mammal      Summ           0%         N/A       47%         1
 Ensorcelled Hibernation  Hex/Ice        0%         N/A       63%         2
 Jinxbite                 Hex            0%         N/A       63%         2
 Sublimation of Blood     Necr           0%         N/A       63%         2
 Inner Flame              Hex/Fire       0%         N/A       85%         3
 Passwall                 Erth           0%         N/A       85%         3
 Stone Arrow              Conj/Erth      0%         3d7       85%         3
 Summon Ice Beast         Ice/Summ       0%         N/A       85%         3
 Swiftness                Air            0%         N/A       85%         3
 Vampiric Draining        Necr           0%         2d6       85%         3
 Brom's Barrelling Bould  Conj/Erth      0%         2d3       99%         4
 Flame Wave               Conj/Fire      0%         2d4       99%         4
 Martyr's Knell           Necr/Summ      0%         N/A       99%         4
 Petrify                  Alch/Erth      0%         N/A       99%         4
 Sticky Flame             Fire/Alch      0%         2d4       99%         4
 Summon Blazeheart Golem  Fire/Summ      0%         N/A       99%         4
 Curse of Agony           Necr           0%         N/A       100%        5
 Irradiate                Conj/Alch      0%         3d11      100%        5
 Summon Mana Viper        Hex/Summ       0%         N/A       100%        5
 Yara's Violent Unravell  Hex/Alch       0%         3d3       100%        5
 Plasma Beam              Fire/Air       0%         2x1d10    100%        6
 Starburst                Conj/Fire      0%         6d3       100%        6
 Enfeeble                 Hex            0%         N/A       100%        7
 Monstrous Menagerie      Summ           0%         N/A       100%        7
 Orb of Destruction       Conj           0%         9d5       100%        7
 Spellforged Servitor     Conj/Summ      0%         N/A       100%        7

Inventory:

Hand Weapons
 a - a +2 shortbow of draining (weapon)
Missiles
 v - 31 poisoned darts
Armour
 c - +0 acid dragon scales (worn)
 o - a +1 cloak of stealth (worn)
 r - a +2 pair of gloves (worn)
 B - a +1 helmet (worn)
Jewellery
 b - an amulet of reflection (around neck)
 A - a +4 ring of slaying (left hand)
Wands
 i - a wand of flame (11)
 m - a wand of polymorph (21)
 p - a wand of mindburst (6)
 q - a wand of quicksilver (20)
 u - a wand of charming (24)
Scrolls
 d - 2 scrolls of vulnerability
 f - 2 scrolls of teleportation {@r2}
 k - 3 scrolls of amnesia
 n - 2 scrolls of immolation
 s - a scroll of fear
 w - a scroll of brand weapon
 y - a scroll of noise
 E - a scroll of silence {!r}
 F - a scroll of summoning
 G - a scroll of torment {unknown}
Potions
 e - 4 potions of attraction
 g - 6 potions of curing {@q1}
 h - a potion of lignification
 j - 2 potions of heal wounds {@q2}
 l - a potion of mutation
 t - 2 potions of berserk rage {!q}
 x - 3 potions of enlightenment
 z - a potion of magic
 C - a potion of invisibility {unknown}
 D - 2 potions of haste {@q3}
 H - a potion of cancellation {unknown}

Dungeon Overview and Level Annotations

Branches:
Dungeon (10/15) Zot: 26104  Temple (0/1) D:6            Lair (5/5) D:8 Zot: 19686
 Shoals (0/4) Lair:3        Snake (0/4) Lair:3        Slime (0/5) Lair:4
    Orc (0/2) D:9         Gauntlet (visited)

Shops:
D:2 !

Annotations:
D:6 Grinder
Lair:2 3 runed translucent doors, sychorax's ghost, journeyman OpEE

#......[#
##..##
#.......#
#..#
#.......#
####
#......##
#......# #
#.....##
## #.....#
##.
#.#...#
#.. #####
#@#####
##..
......#p#
##...
........#
#....
........#
#....
.........
##...
.........#
###.
.........#
##
........##
.)......#


You could see a death knight (drained).


Message History

The death knight closely misses you.
The death knight attacks as it pursues you!
* * * LOW HITPOINT WARNING * * *
The death knight freezes you.
* * * LOW HITPOINT WARNING * * *
You shoot an arrow. The death knight is severely wounded.
You shoot an arrow. The death knight is severely wounded.
* * * LOW HITPOINT WARNING * * *
The death knight freezes you!
* * * LOW HITPOINT WARNING * * *
You shoot an arrow. The death knight is severely wounded.
You block the death knight's attack.
You shoot an arrow. The death knight is almost dead.
* * * LOW HITPOINT WARNING * * *
The death knight freezes you.
* * * LOW HITPOINT WARNING * * *
Unknown command.
You feel much better.
* * * LOW HITPOINT WARNING * * *
The death knight freezes you.
* * * LOW HITPOINT WARNING * * *
Unknown command.
You feel much better.
* * * LOW HITPOINT WARNING * * *
The death knight freezes you!
You die...

Skill      XL: |  1  2  3  4  5  6  7  8  9 10 11 12 13 |
---------------+----------------------------------------+-----
Stealth        | 1 2 3 4 5 |  5.0
Fighting       | 2 3 5 6 7 8 9 10 12 | 12.9
Dodging        | 2 3 5 7 9 10 | 10.4
Ranged Weapons | 4 5 6 7 9 11 12 14 15 16 | 16.2

Action                     |  1- 3 |  4- 6 |  7- 9 | 10-12 | 13-15 || total
---------------------------+-------+-------+-------+-------+-------++-------
  Melee: Shortbow          |       |     1 |       |     2 |       ||     3
   Fire: Shortbow          |   154 |   158 |   383 |   882 |   444 ||  2021
  Evoke: Wand              |       |     2 |       |       |       ||     2
    Use: Scroll            |     6 |     2 |    10 |    13 |     1 ||    32
         Potion            |       |     1 |     1 |     1 |     2 ||     5
 Armour: Leather armour    |    28 |    52 |    46 |       |       ||   126
         Acid dragon scale |       |       |    56 |   214 |    78 ||   348
         Robe              |       |       |     6 |       |       ||     6
  Dodge: Dodged            |    52 |    54 |   105 |   319 |   130 ||   660
  Block: Other             |       |       |       |    62 |    29 ||    91
         Reflection        |       |       |       |     1 |     2 ||     3

Levels and vault maps discovered:
D:1:      lightli_arrival_maybe_door_vault, layout_basic
D:2:      layout_basic, serial_shops, shop, basic_altar
D:3:      layout_basic, gammafunk_ghost_arena, roderic_batcave,
          grunt_decor_clamped, uniq_terence
D:4:      layout_basic, minmay_overflow_temple_star_quad, serial_bayou_crossing,
          uniq_blork_the_orc
D:5:      layout_loops_cross, amcnicky_mini_pool_small
D:6:      cheibrodos_thug_alley, layout_rooms, temple_green,
          amcnicky_mini_rare_corridor_liquid, uniq_sigmund, uniq_grinder,
          uniq_maggie, uniq_pikel
D:7:      layout_basic, tso_metal_star, uniq_joseph, uniq_jeremiah, uniq_duvessa
D:8:      layout_loops_ring, riverfiend_overflow_shadow_ancestor,
          fedhas_bush_and_centaur_altar, gammafunk_temple_overflow_statue,
          due_lair_maze_entry_diamond, minmay_misc_feat_more_columns, uniq_grum
D:9:      layout_loops_cross, bloody_trog, minmay_orc_entry_temple_small,
          minmay_bent
D:10:     layout_cave_pods
Lair:1:   layout_chaotic_city
Lair:2:   layout_loops_ring, gammafunk_ghost_necromancy, serial_bayou_shore_a
Lair:3:   layout_small_grid, mainiacjoe_shoals_entry_four_pools,
          dummy_snake_entry, gauntlet_entry_generic, infiniplex_staircase_pool,
          grunt_megastairs_1
Lair:4:   layout_loops_ring, slime_entry_1
Lair:5:   grunt_lair_end_beastmaster, layout_regular_city

Notes
Turn   | Place    | Note
-------+----------+-------------------------------------------
     0 | D:1      | Ruich the Demigod Hunter began the quest for the Orb.
     0 | D:1      | Reached XP level 1. HP: 17/17 MP: 3/3
    52 | D:1      | Reached skill level 1 in Stealth
   142 | D:1      | Reached skill level 2 in Fighting
   142 | D:1      | Reached XP level 2. HP: 24/24 MP: 4/4
   163 | D:1      | Reached skill level 2 in Dodging
   265 | D:1      | Reached skill level 4 in Ranged Weapons
   455 | D:1      | Reached XP level 3. HP: 28/29 MP: 5/5
   658 | D:2      | Found Wuran's Distillery.
   674 | D:2      | Bought a potion of curing for 36 gold pieces
  1356 | D:3      | Reached XP level 4. HP: 37/37 MP: 6/6
  1429 | D:3      | Found a transporter.
  1429 | D:3      | Noticed osoart's ghost (amateur OpSh)
  1435 | D:3      | Found a transporter.
  1503 | D:3      | Reached skill level 2 in Stealth
  2028 | D:3      | Noticed Terence
  2030 | D:3      | Killed Terence
  2031 | D:3      | Reached XP level 5. HP: 42/42 MP: 7/7
  2285 | D:3      | Killed osoart's ghost
  2290 | D:3      | Reached skill level 5 in Ranged Weapons
  2346 | D:4      | Reached skill level 3 in Dodging
  2417 | D:4      | Noticed Blork the orc
  2426 | D:4      | Blork the orc changed into Blork the howler monkey
  2426 | D:4      | Noticed Blork
  2436 | D:4      | Killed Blork the howler monkey
  2437 | D:4      | Reached skill level 3 in Fighting
  2653 | D:4      | Noticed an ice beast
  2662 | D:4      | Killed an ice beast
  2663 | D:4      | Reached skill level 3 in Stealth
  2663 | D:4      | Reached XP level 6. HP: 29/51 MP: 8/8
  3368 | D:5      | Entered Level 5 of the Dungeon
  3484 | D:5      | Reached skill level 6 in Ranged Weapons
  3520 | D:5      | Reached XP level 7. HP: 46/58 MP: 9/9
  3668 | D:5      | Reached skill level 4 in Fighting
  3988 | D:5      | Reached skill level 7 in Ranged Weapons
  4350 | D:6      | Noticed Pikel
  5043 | D:6      | Noticed Sigmund
  5166 | D:6      | Killed Sigmund
  5181 | D:6      | Reached skill level 5 in Fighting
  5181 | D:6      | Reached XP level 8. HP: 67/68 MP: 10/10
  5194 | D:6      | Found a staircase to the Ecumenical Temple.
  5242 | D:6      | Noticed Maggie
  5276 | D:5      | Killed Pikel
  5277 | D:5      | Reached skill level 8 in Ranged Weapons
  5729 | D:6      | Reached skill level 4 in Stealth
  5816 | D:6      | Killed Maggie
  5817 | D:6      | Reached skill level 6 in Fighting
  5817 | D:6      | Reached skill level 9 in Ranged Weapons
  5991 | D:6      | Reached XP level 9. HP: 65/75 MP: 11/11
  6107 | D:6      | Noticed Grinder
  6328 | D:7      | Noticed Joseph
  6332 | D:7      | Reached skill level 5 in Stealth
  6913 | D:7      | Killed Joseph
  6914 | D:7      | Reached skill level 10 in Ranged Weapons
  7024 | D:7      | Noticed Dowan
  7026 | D:7      | Noticed Duvessa
  7030 | D:7      | Killed Dowan
  7054 | D:7      | Killed Duvessa
  7344 | D:7      | Reached skill level 7 in Fighting
  7415 | D:7      | Noticed Jeremiah
  7443 | D:7      | Killed Jeremiah
  8053 | D:8      | Reached skill level 11 in Ranged Weapons
  8053 | D:8      | Reached XP level 10. HP: 81/86 MP: 13/13
  8092 | D:8      | Noticed Grum
  8099 | D:8      | Killed Grum
  8126 | D:8      | Noticed a two-headed ogre
  8308 | D:7      | Killed a two-headed ogre
  8309 | D:7      | Reached skill level 4 in Dodging
  8736 | D:8      | Reached skill level 8 in Fighting
  8850 | D:8      | Found a staircase to the Lair.
  9402 | D:9      | Noticed a two-headed ogre
  9412 | D:9      | Killed a two-headed ogre
  9413 | D:9      | Reached skill level 12 in Ranged Weapons
  9622 | D:9      | Reached skill level 5 in Dodging
  9752 | D:9      | Noticed a cyclops
  9754 | D:9      | Noticed a two-headed ogre
  9754 | D:9      | Noticed a skeletal warrior
  9763 | D:9      | Killed a two-headed ogre
  9772 | D:9      | Killed a cyclops
 10189 | D:9      | Found a staircase to the Orcish Mines.
 10226 | D:9      | Reached XP level 11. HP: 70/95 MP: 14/14
 10475 | D:10     | Entered Level 10 of the Dungeon
 10488 | D:9      | HP: 4/95 [something (27)]
 10902 | Lair:1   | Entered Level 1 of the Lair of Beasts
 11025 | Lair:1   | Reached skill level 9 in Fighting
 11415 | Lair:1   | Reached skill level 6 in Dodging
 11425 | Lair:1   | Reached skill level 13 in Ranged Weapons
 12320 | Lair:2   | Found a runed translucent gate.
 12973 | Lair:2   | Found a runed translucent gate.
 12973 | Lair:2   | Found a runed translucent gate.
 12973 | Lair:2   | Noticed sychorax's ghost (journeyman OpEE)
 13181 | Lair:2   | Reached skill level 7 in Dodging
 13685 | Lair:3   | Reached skill level 14 in Ranged Weapons
 13713 | Lair:3   | Found a gate leading to a gauntlet.
 13723 | Gauntlet | Entered a Gauntlet
 13723 | Gauntlet | Found a transporter.
 13723 | Gauntlet | Found a transporter.
 13729 | Gauntlet | Found a transporter.
 13729 | Gauntlet | Found a transporter.
 13733 | Gauntlet | Found a transporter.
 13733 | Gauntlet | Found a transporter.
 13763 | Gauntlet | Found a runed translucent gate.
 13763 | Gauntlet | Found a runed translucent gate.
 13763 | Gauntlet | Found a runed translucent gate.
 13765 | Gauntlet | Found a transporter.
 13769 | Gauntlet | Found a transporter.
 13781 | Gauntlet | Found a transporter.
 13797 | Gauntlet | Found a transporter.
 13798 | Gauntlet | Noticed a wretched star
 13811 | Gauntlet | Found a transporter.
 13815 | Gauntlet | Found a transporter.
 14002 | Lair:3   | Reached XP level 12. HP: 106/106 MP: 15/15
 14033 | Lair:3   | Reached skill level 10 in Fighting
 14123 | Lair:3   | Noticed an eight-headed hydra
 14130 | Lair:3   | Killed an eight-headed hydra
 14276 | Lair:3   | Reached skill level 8 in Dodging
 14343 | Lair:3   | Found a staircase to the Snake Pit.
 14568 | Lair:3   | Reached skill level 15 in Ranged Weapons
 14922 | Lair:3   | Found a staircase to the Shoals.
 15664 | Lair:4   | Found a staircase to the Slime Pits.
 15838 | Lair:4   | Reached skill level 9 in Dodging
 16024 | Lair:5   | Entered Level 5 of the Lair of Beasts
 16657 | Lair:5   | Reached XP level 13. HP: 114/114 MP: 16/16
 16965 | Lair:5   | Reached skill level 11 in Fighting
 17174 | Lair:5   | Reached skill level 10 in Dodging
 17493 | Lair:5   | Reached skill level 16 in Ranged Weapons
 18770 | Lair:5   | Reached skill level 12 in Fighting
 21018 | Lair:5   | Noticed a dire elephant
 21035 | Lair:5   | Killed a dire elephant
 22077 | D:10     | HP: 8/119 [death knight/+2 battleaxe of freezing (6)]
 22078 | D:10     | Slain by a death knight

Vanquished Creatures
  A dire elephant (Lair:5)
  A hydra (Lair:3)
  A catoblepas (Lair:5)
  3 two-headed ogres
  A deep troll shaman (Lair:5)
  6 death yaks (Lair:5)
  5 skysharks
  A skeletal warrior (D:9)
  Pikel (D:5)
  A cyclops (D:9)
  A manticore (Lair:3)
  28 elephants
  4 black mambas
  Joseph (D:7)
  A torpor snail (Lair:1)
  10 cane toads
  Maggie (D:6)
  Jeremiah (D:7)
  7 komodo dragons
  2 rime drakes
  2 polar bears (Lair:5)
  A troll (D:10)
  19 blink frogs
  7 dream sheep
  Sigmund (D:6)
  A shadow (D:9)
  5 wyverns
  51 yaks
  Grum (D:8)
  A steam dragon (Lair:4)
  3 basilisks
  Duvessa (D:7)
  18 water moccasins
  2 orc warriors (D:9)
  A sky beast (D:6)
  3 black bears
  4 ice beasts
  14 wolves
  An ogre (D:6)
  6 centaurs
  The ghost of osoart the Changeling, an amateur OpSh (D:3)
  A lemure (D:5)
  3 kobold brigands
  18 bullfrogs
  A gnoll sergeant (D:9)
  A scorpion (D:6)
  Dowan (D:7)
  12 wights
  6 killer bees
  3 howler monkeys
  2 gnoll boudas
  6 hounds
  3 jellies
  A bombardier beetle (D:3)
  5 orc priests
  A sleepcap (D:6)
  4 iguanas
  6 orc wizards
  Terence (D:3)
  16 gnolls
  11 adders
  2 shadow imps
  A white imp (D:7)
  2 ufetubi (D:5)
  2 ribbon worms
  2 dart slugs
  24 orcs
  7 endoplasms
  4 giant cockroaches
  6 goblins
  12 hobgoblins
  13 jackals
  5 quokkas
  5 ball pythons
  12 bats
  5 frilled lizards
  21 kobolds
  3 rats
448 creatures vanquished.

Table legend: (Time is in decaauts)
 A = Elapsed time spent in this place.
 B = Non-inter-level travel time spent in this place.
 C = Inter-level travel time spent in this place.
 D = Time resting spent in this place.
 E = Time spent auto-exploring this place.
 F = Levels seen in this place.
 G = Mean time per level.
                   A        B        C        D        E       F      G
               +--------+--------+--------+--------+--------+-----+--------+
         Total |  21886 |  21187 |    699 |   9493 |   8102 |  16 | 1367.9 |
       Dungeon |  11371 |  10881 |    490 |   3993 |   4979 |  10 | 1137.1 |
          Lair |  10313 |  10104 |    209 |   5499 |   3122 |   5 | 2062.6 |
      Gauntlet |    200 |    200 |      0 |      0 |      0 |   1 |  200.0 |
               +--------+--------+--------+--------+--------+-----+--------+

Top non-repeatable levels by time:
  Lair:5: 4663 daAuts
     D:8: 1853 daAuts
     D:7: 1828 daAuts
  Lair:4: 1737 daAuts
     D:5: 1724 daAuts
  Lair:2: 1431 daAuts
  Lair:1: 1364 daAuts
     D:6: 1231 daAuts
  Lair:3: 1116 daAuts
     D:4: 1044 daAuts
     D:9: 993 daAuts
     D:3: 989 daAuts
     D:2: 829 daAuts
     D:1: 561 daAuts
    D:10: 315 daAuts

Table legend:
 A = Non-vault XP
 B = Vault XP
 C = Vault XP percentage of total XP
 D = Non-vault monster count
 E = Vault monster count
 F = Vault count percentage of total count
                 A         B        C        D         E       F
            +---------+---------+-------+---------+---------+-------
      Total |   53760 |   19968 |  27.1 |     358 |      89 |  19.9
            +---------+---------+-------+---------+---------+-------
        D:1 |      50 |       0 |   0.0 |      26 |       0 |   0.0
        D:2 |      65 |       0 |   0.0 |      23 |       0 |   0.0
        D:3 |      77 |     168 |  68.6 |      14 |      15 |  51.7
        D:4 |     261 |      55 |  17.4 |      21 |       1 |   4.5
        D:5 |     690 |     607 |  46.8 |      19 |       1 |   5.0
        D:6 |    1026 |     734 |  41.7 |      18 |      11 |  37.9
        D:7 |    1067 |    1850 |  63.4 |      35 |       5 |  12.5
        D:8 |    1294 |    1629 |  55.7 |      20 |      13 |  39.4
        D:9 |    1814 |    3107 |  63.1 |      16 |      18 |  52.9
       D:10 |     443 |       0 |   0.0 |       4 |       0 |   0.0
     Lair:1 |    6112 |       0 |   0.0 |      29 |       0 |   0.0
     Lair:2 |    5323 |       0 |   0.0 |      16 |       0 |   0.0
     Lair:3 |    8688 |    1298 |  13.0 |      26 |       5 |  16.1
     Lair:4 |   10964 |       0 |   0.0 |      40 |       0 |   0.0
     Lair:5 |   15886 |   10520 |  39.8 |      51 |      20 |  28.2
            +---------+---------+-------+---------+---------+-------
